Map: Lost and Found LE

Players

Vrajitoru

  • Race: Zerg Zerg
  • League: Silver
  • Spawn Location: 1:00

Medione - Winner!

  • Race: Terran Terran
  • League: Silver
  • Spawn Location: 7:00

VOD

Have the link to the VOD?

Description

Time

  • Played on: Oct. 19, 2018, 9:14 a.m.
  • Length: 10:43
Show
View Real Time Build Order
Export as new Build Order

Vrajitoru Zerg 

Build Orders: Hatch First 

Get SALT Encoding   

  12  0:01  Drone  
  13  0:13  Overlord  
  13  0:19  Drone  
  14  0:32  Drone x2  
  16  0:51  Hatchery  
  16  0:54  Drone  
  16  1:04  Extractor  
  16  1:10  Spawning Pool  
  14  1:14  Drone  
  15  1:21  Drone x2  
  17  1:38  Drone x2  
  19  1:50  Overlord  
  19  2:02  Queen x2  
  19  2:07  Zergling x4  
  25  2:10  Drone  
  26  2:17  Drone  
  26  2:19  Drone  
  28  2:25  Drone  
  29  2:32  Metabolic Boost  
  29  2:43  Drone x3  
  30  3:07  Zergling x8  
  34  3:20  Roach Warren  
  34  3:26  Evolution Chamber  
  33  3:34  Drone x4  
  33  3:37  Overlord x3  
  36  3:43  Lair  
  36  3:49  Pneumatized Carapace  
  36  3:54  Extractor  
  35  3:58  Extractor  
  35  4:00  Drone x4  
  35  4:01  Drone  
  39  4:13  Drone x2  
  41  4:23  Roach x3  
  47  4:39  Roach  
  47  4:40  Roach  
  47  4:43  Zerg Missile Weapons Level 1  
  51  4:50  Glial Reconstitution  
  51  4:54  Spore Crawler  
  50  5:01  Spore Crawler  
  50  5:03  Roach  
  50  5:04  Roach x4  
  60  5:07  Drone  
  60  5:11  Overlord  
  60  5:12  Overlord x2  
  60  5:22  Overseer  
  60  5:25  Overseer  
  60  5:30  Roach x4  
  68  5:56  Roach x3  
  68  5:57  Roach x2  
  78  6:35  Hatchery  
  77  6:41  Hydralisk Den  
  76  6:52  Roach x3  
  76  6:53  Roach  
  84  6:57  Overlord x2  
  84  7:00  Tunneling Claws  
  84  7:02  Zerg Missile Weapons Level 2  
  84  7:31  Muscular Augments  
  84  7:33  Hydralisk x2  
  84  7:34  Hydralisk x4  
  96  7:41  Drone x4  
  96  8:38  Hydralisk x4  
  96  8:39  Hydralisk  
  106  8:44  Overlord x4  
  60  9:00  Hydralisk x3  
  66  9:17  Grooved Spines  
  66  9:19  Burrow  
  66  9:21  Roach  
  66  9:22  Roach x5  
  78  9:29  Queen  
  40  10:10  Zergling x6  
  40  10:11  Zergling x14  
  40  10:12  Zergling x6  
Show
View Real Time Build Order
Export as new Build Order

Medione Terran - Winner!

Build Orders: Bio Tank 

Get SALT Encoding   

  12  0:01  SCV  
  13  0:15  SCV  
  13  0:17  Supply Depot  
  14  0:28  SCV  
  15  0:29  Refinery  
  15  0:43  Barracks  
  15  0:45  SCV  
  16  0:57  SCV  
  17  1:09  SCV  
  18  1:30  Orbital Command  
  18  1:31  Barracks Reactor  
  18  1:42  Command Center  
  18  1:55  Supply Depot  
  18  1:56  SCV  
  19  2:08  Marine x2, SCV  
  22  2:19  Factory  
  22  2:20  SCV  
  23  2:25  Marine  
  23  2:26  Marine  
  25  2:32  SCV  
  26  2:43  Marine  
  26  2:44  Marine, SCV  
  28  2:46  Refinery  
  29  2:56  SCV  
  30  3:05  Marine x2  
  32  3:09  Factory Tech Lab  
  32  3:10  Starport  
  32  3:14  Orbital Command  
  32  3:18  SCV  
  33  3:23  Marine x2  
  35  3:30  SCV, Siege Tank  
  39  3:41  Marine x2  
  39  3:42  SCV  
  42  3:53  Supply Depot  
  42  3:54  SCV  
  43  3:59  Marine x2  
  45  4:14  Siege Tank  
  48  4:18  Engineering Bay  
  48  4:23  SCV  
  49  4:25  SCV  
  49  4:26  Starport Reactor  
  49  4:27  Marine x2  
  52  4:35  SCV  
  52  4:36  Supply Depot  
  52  4:37  SCV  
  54  4:49  Terran Infantry Weapons Level 1  
  54  4:57  Marine x2  
  54  4:58  Siege Tank  
  59  5:05  SCV  
  59  5:07  Barracks  
  60  5:08  Barracks  
  60  5:10  Refinery  
  60  5:13  Medivac  
  62  5:24  Marine x2, SCV  
  62  5:26  Supply Depot  
  65  5:44  Medivac  
  65  5:48  Siege Tank  
  65  5:49  Marine x2  
  72  5:56  SCV  
  73  5:57  SCV  
  73  6:03  Barracks Tech Lab  
  73  6:04  Barracks Tech Lab  
  74  6:07  Marine x2  
  74  6:08  SCV  
  77  6:18  Supply Depot  
  77  6:20  SCV  
  78  6:37  Engineering Bay  
  78  6:39  Marine x4, Siege Tank  
  85  6:40  Supply Depot  
  85  6:43  Stimpack, Terran Infantry Armor Level 1, Supply Depot x2  
  85  6:47  Combat Shields  
  85  6:52  SCV  
  86  7:01  Medivac, Marine x2  
  86  7:04  SCV  
  86  7:05  Marine  
  86  7:06  Marine  
  93  7:19  Marine x2  
  93  7:22  Command Center  
  95  7:42  Marine  
  95  7:43  Marine x3  
  99  7:44  Siege Tank  
  99  7:45  Medivac  
  104  7:53  Refinery  
  104  7:59  Supply Depot  
  104  8:00  Marine x2  
  104  8:01  Marine x2  
  108  8:16  Siege Tank  
  77  8:49  Marine x4  
  76  9:00  SCV  
  77  9:06  Marine  
  77  9:07  Marine x3  
  77  9:09  Supply Depot  
  81  9:10  Supply Depot  
  81  9:12  SCV  
  81  9:13  Supply Depot  
  82  9:22  Orbital Command  
  82  9:24  SCV  
  82  9:25  Supply Depot  
  83  9:32  Siege Tank  
  83  9:33  Marine x2  
  83  9:35  Marine x2  
  83  9:36  SCV  
  83  9:38  Medivac  
  93  9:48  SCV  
  93  9:51  Marine x2  
  94  10:04  Siege Tank  
  97  10:08  Marine  
  97  10:09  Marine  
Tags
 
Composition
Bio Tank
Matchup
TvZ
Spawn Locations
Cross Positions
Add a new tag
Caveats
  • Supply blocks, unpowered buildings, or Contaminate may cause inaccurate times.
  • Supply counts are checked every 10 seconds.